 Dungeon Sprint DCSS version 0.17-a0-2127-g1cb09f6 (webtiles) character file.

73481 Kidiri the Imperceptible (level 14, -12/59 HPs)
             Began as a Spriggan Enchanter on Oct 23, 2015.
             Was the Champion of Dithmenos.
             Mangled by a deep elf blademaster (19 damage)
             ... while paralysed
             ... in the Dungeon (Sprint III: "The Ten Rune Challenge").
             The game lasted 00:45:18 (10595 turns).

Kidiri the Imperceptible (Spriggan Enchanter)      Turns: 10595, Time: 00:45:18

Health: -12/59     AC:  9    Str:  0 (2)  XL:     14   Next: 1%
Magic:  0/36       EV:  6    Int: 22 (23) God:    Dithmenos [******]
Gold:   220        SH:  0    Dex: 20      Spells: 11 memorised, 6 levels left

rFire  x . .     SeeInvis +     P - +5 quick blade
rCold  + + .     Clarity  +     k - +2 robe
rNeg   . . .     SustAt   .     f - +3 buckler of Incorporation {rPois}
rPois  +         Gourm    .     F - +1 hat {Int+3}
rElec  +         Spirit   +     (no cloak)
rCorr  .         Warding  .     (gloves unavailable)
rMut   .         NoTele   +     (boots unavailable)
MR     ++...                    y - amulet of guardian spirit
Stlth  ++++++++++               (no ring)
                                x - ring of ice

@: paralysed, slowed, lost strength, wreathed by umbra, deflect missiles, very
quick, very resistant to hostile enchantments, uncannily stealthy
A: unfitting armour, repulsion field 1, slimy green scales 1, yellow scales 1,
see invisible, agile 1, berserk 1, clarity, cold resistance 1, deterioration 1,
herbivore 3, speed 3, screaming 1, electricity resistance, slow metabolism 2,
weak 1
a: Shadow Step, Shadow Form, Renounce Religion
}: 2/10 runes: decaying, serpentine


You were in the Dungeon.
You worshipped Dithmenos.
Dithmenos was exalted by your worship.
You were not hungry.

You visited 1 branch You collected 1302 gold pieces.
You spent 1082 gold pieces at shops.

Inventory:

Hand Weapons
 C - a +0 shortbow of flaming
 M - the +10 hand axe of Zupp {flame, rElec Dex+7, unknown}
   (You took it off a deep elf demonologist in the Dungeon)

   It has been specially enchanted to burn those struck by it, causing extra
   injury to most foes and up to half again as much damage against particularly
   susceptible opponents.
   Big, fiery blades are also staple armaments of hydra-hunters.
   It affects your dexterity (+7).
   It insulates you from electricity.
   Dithmenos disapproves of the use of such an item.
 N - the +8 glaive of the Guard {elec, +Rage AC+5 SInv}
   (You took it off a deep elf death mage in the Dungeon)

   Occasionally, upon striking a foe, it will discharge some electrical energy
   and cause terrible harm.
   It affects your AC (+5).
   It lets you see invisible.
   It lets you go berserk.
 P - a +5 quick blade (weapon)
Armour
 f - the +3 buckler of Incorporation (worn) {rPois}
   (You took it off a deep elf annihilator in the Dungeon)

   It protects you from poison.
 h - a +0 robe of resistance
 j - a +1 robe of resistance
 k - a +2 robe (worn)
 F - a +1 hat of intelligence (worn)
 K - a +0 robe
 L - a +0 robe of cold resistance
 O - a +0 robe
 Q - a +0 robe
Magical Staves
 B - an uncursed staff of power {unknown}
 D - an uncursed staff of death {unknown}
 I - an uncursed staff of conjuration {unknown}
Rods
 i - a +2 rod of clouds (11/11)
   (You took it off a deep elf annihilator in the Dungeon)
Jewellery
 x - a ring of ice (left hand)
 y - an amulet of guardian spirit (around neck)
Wands
 r - a wand of hasting (4)
Scrolls
 d - 2 scrolls of silence {unknown}
 q - 3 scrolls of holy word {unknown}
 s - 4 scrolls of remove curse
Potions
 e - 4 potions of curing
 g - 2 potions of haste
 l - a potion of agility
 p - a potion of might
 v - 2 potions of flight
 G - a potion of brilliance {unknown}
 H - 2 potions of invisibility {unknown}
Books
 c - a book of Burglary

   Spells                             Type                      Level
   a - Swiftness                      Charms/Air                   2
   b - Passwall                       Transmutation/Earth          3
   c - Passage of Golubria            Translocation                4
   d - Lee's Rapid Deconstruction     Earth                        5
   e - Darkness                       Hexes                        6
   f - Invisibility                   Hexes                        6
 m - the Papyrus of Attacks
   (You found it in the Dungeon)

   Spells                             Type                      Level
   a - Sting                          Conjuration/Poison           1
   b - Magic Dart                     Conjuration                  1
   c - Iskenderun's Battlesphere      Conjuration/Charms           5
   d - Bolt of Draining               Conjuration/Necromancy       5
   e - Bolt of Cold                   Conjuration/Ice              6
 n - a book of Necromancy

   Spells                             Type                      Level
   a - Pain                           Necromancy                   1
   b - Animate Skeleton               Necromancy                   1
   c - Vampiric Draining              Necromancy                   3
   d - Regeneration                   Charms/Necromancy            3
   e - Animate Dead                   Necromancy                   4
   f - Control Undead                 Necromancy                   4
 o - the Grimoire of Earth and Boosts
   (You found it in the Dungeon)

   Spells                             Type                      Level
   a - Sandblast                      Earth                        1
   b - Song of Slaying                Charms                       2
   c - Leda's Liquefaction            Hexes/Earth                  4
   d - Haste                          Charms                       6
   e - Statue Form                    Transmutation/Earth          6
 u - a book of Ice

   Spells                             Type                      Level
   a - Ice Form                       Ice/Transmutation            4
   b - Metabolic Englaciation         Hexes/Ice                    5
   c - Ozocubu's Refrigeration        Ice                          6
   d - Bolt of Cold                   Conjuration/Ice              6
   e - Freezing Cloud                 Conjuration/Ice/Air          6
   f - Simulacrum                     Ice/Necromancy               6
 w - a book of Spatial Translocations

   Spells                             Type                      Level
   a - Apportation                    Translocation                1
   b - Blink                          Translocation                2
   c - Shroud of Golubria             Charms/Translocation         2
   d - Portal Projectile              Translocation                3
   e - Teleport Other                 Translocation                3
   f - Passage of Golubria            Translocation                4
 z - a book of Flames

   Spells                             Type                      Level
   a - Flame Tongue                   Conjuration/Fire             1
   b - Throw Flame                    Conjuration/Fire             2
   c - Conjure Flame                  Conjuration/Fire             3
   d - Inner Flame                    Hexes/Fire                   3
   e - Sticky Flame                   Conjuration/Fire             4
   f - Fireball                       Conjuration/Fire             5
   Dithmenos disapproves of the use of such an item.
 A - a book of Geomancy

   Spells                             Type                      Level
   a - Sandblast                      Earth                        1
   b - Stoneskin                      Transmutation/Earth          2
   c - Passwall                       Transmutation/Earth          3
   d - Stone Arrow                    Conjuration/Earth            3
   e - Petrify                        Transmutation/Earth          4
   f - Lee's Rapid Deconstruction     Earth                        5
Miscellaneous
 E - a plain deck of wonders
 J - a plain deck of changes
Comestibles
 b - 24 royal jellies
 t - 12 fruits


   Skills:
 * Level 16.0 Short Blades
 + Level 8.4 Armour
 * Level 20.0 Dodging
 * Level 21.6 Stealth
 * Level 0.0 Shields
 * Level 17.5 Spellcasting
 + Level 8.4 Conjurations
 + Level 13.2 Hexes
 + Level 13.7 Charms
 + Level 1.1 Translocations
 + Level 1.0 Transmutations
 + Level 9.2 Ice Magic
 + Level 9.1 Air Magic
 + Level 0.5 Earth Magic
 - Level 2.4 Invocations


You had 6 spell levels left.
You knew the following spells:

 Your Spells              Type           Power        Failure   Level  Hunger
a - Corona                Hex            ######.      1%          1    None
b - Ensorcelled Hibernat  Hex/Ice        ######       1%          2    None
c - Confuse               Hex            ######..     1%          3    None
d - Tukima's Dance        Hex            ######..     1%          3    None
e - Dazzling Spray        Conj/Hex       ######..     1%          3    None
f - Cause Fear            Hex            ######....   1%          4    None
g - Deflect Missiles      Chrm/Air       ######....   10%         6    ####...
h - Discord               Hex            ######....   96%         8    #######
i - Passwall              Trmt/Erth      ###.......   12%         3    None
j - Passage of Golubria   Tloc           N/A          34%         4    None
k - Lee's Rapid Deconstr  Erth           ###.......   94%         5    #......


Dungeon Overview and Level Annotations

Branches:
Dungeon (1/1)

Altars:
Cheibriados
Dithmenos
Elyvilon
Fedhas
Gozag
Kikubaaqudgha
Makhleb
Nemelex Xobeh
Okawaru
Qazlal
Ru
Sif Muna
Trog
Vehumet
Xom
Yredelemnul
Zin
The Shining One
Jiyva
Lugonu

Shops:
D [:?}}!(!:*%[[%=(}=?


Innate Abilities, Weirdness & Mutations

You are tiny and cannot use many weapons and most armour.
You have supernaturally acute eyesight.
You are a herbivore.
You cover ground extremely quickly.
You need consume almost no food.
You are surrounded by a mild repulsion field (EV +2).
You are partially covered in slimy green scales (AC +2).
You are partially covered in yellow scales (AC +2).
You are agile. (Dex +2)
You tend to lose your temper in combat.
You possess an exceptional clarity of mind.
Your flesh is cold resistant.
Your body sometimes deteriorates upon taking damage.
You occasionally shout uncontrollably at your foes.
You are resistant to electric shocks.
You are weak. (Str -2)


Message History

The deep elf blademaster completely misses you.
You block the deep elf blademaster's attack.
The deep elf blademaster completely misses you.
The deep elf blademaster hits you!!
Your body deteriorates!
You feel weakened.
You have lost your strength.
You emit a cloud of dark smoke.
The deep elf blademaster barely misses you.
The deep elf blademaster completely misses you.
The deep elf blademaster hits you but does no damage.
The deep elf blademaster hits you!
* * * LOW HITPOINT WARNING * * *
Your body deteriorates!
You feel dopey.
You emit a cloud of dark smoke.
The deep elf blademaster barely misses you.
The deep elf blademaster completely misses you.
The deep elf blademaster hits you!
* * * LOW HITPOINT WARNING * * *
The deep elf blademaster hits you but does no damage.
The deep elf blademaster hits you!!
You die...

▓▓▓▓▓ ▓▓▓ #.#.##
###.####################
#.##.###...'§#§§§##....+......#
#.........##.#§e§##≈≈≈≈##..##.#
#........#.#.#§§@§§≈........#.#
#........#.#.#§§§##≈≈≈≈##..##.#
#.##∩..##.##.'§§§##....+......#
#.§.#...#######################
#§###########################
#..≈≈≈'.#.'...'.#.#.#.+...≈≈#
#.#≈≈§#.#.#...##.#.#.##...≈≈###
'.#§§§#.#.#...#.#.#.#.#...≈≈≈≈#
#.#.§§#...#...##.#.#.##...≈≈≈≈#


You could see a deep elf blademaster (berserk).

Vanquished Creatures
  Rupert (D)
  Gastronok (D)
  Harold (D)
  A greater naga (D)
  Maud (D)
  A deep elf demonologist (D)
  2 deep elf annihilators (D)
  2 dire elephants (D)
  2 deep elf death magi (D)
  A fire dragon (D)
  2 centaur warriors (D)
  A naga warrior (D)
  2 hydras (D)
  4 ice dragons (D)
  2 anacondas (D)
  Erica (D)
  4 dancing weapons (D)
  4 death yaks (D)
  A death drake (D)
  An unseen horror (D)
  A spriggan druid (D)
  A deep elf summoner (D)
  A lindwurm (D)
  An obsidian statue (D)
  Joseph (D)
  An ugly thing (D)
  2 deep elf conjurers (D)
  A shining eye (shapeshifter) (D)
  2 elephants (D)
  12 black mambas (D)
  A guardian serpent (D)
  2 spiny frogs (D)
  A komodo dragon (D)
  3 wandering mushrooms (D)
  A fire drake (D)
  A queen bee (D)
  4 spriggan defenders (D)
  A deep elf priest (D)
  A slime creature (D)
  2 orc high priests (D)
  8 blink frogs (D)
  3 redbacks (D)
  2 spriggans (D)
  A shadow (D)
  A spatial vortex (D)
  2 water moccasins (D)
  2 nagas (D)
  A swamp drake (D)
  A hydra simulacrum (D)
  4 orc warriors (D)
  A necrophage (D)
  2 centaurs (D)
  An earth elemental (D)
  2 brain worms (D)
  A water elemental (D)
  32 killer bees (D)
  An electric eel (D)
  2 orc priests (D)
  A wizard (D)
  A jelly (D)
  A wolf (D)
  Jessica (D)
  A necromancer (D)
  3 orc wizards (D)
  3 humans (D)
  A kobold demonologist (D)
  4 adders (D)
  2 swamp drake simulacra (D)
  10 orcs (D)
  A hobgoblin (D)
  2 rats (D)
  16 plants (D)
189 creatures vanquished.

Vanquished Creatures (collateral kills)
  A deep elf summoner (D)
  2 deep elf priests (D)
3 creatures vanquished.

Vanquished Creatures (others)
  2 draconian scorchers (D)
  A hydra (D)
  3 yaktaurs (D)
  8 plants (D)
14 creatures vanquished.

Grand Total: 206 creatures vanquished

Notes
Turn   | Place    | Note
--------------------------------------------------------------
     0 | D        | Kidiri the Spriggan Enchanter began the quest for the Orb.
     0 | D        | Reached XP level 1. HP: 9/9 MP: 5/5
    17 | D        | Noticed Jessica
    24 | D        | Killed Jessica
    24 | D        | Reached skill level 1 in Armour
    24 | D        | Reached skill level 5 in Stealth
    24 | D        | Reached XP level 2. HP: 13/13 MP: 6/8
    55 | D        | Learned a level 2 spell: Ensorcelled Hibernation
   214 | D        | Killed a white draconian scorcher
   227 | D        | Killed a yaktaur
   249 | D        | Killed a white draconian scorcher
   282 | D        | Reached skill level 5 in Dodging
   282 | D        | Reached skill level 6 in Stealth
   282 | D        | Reached XP level 3. HP: 16/16 MP: 6/10
   287 | D        | Learned a level 3 spell: Confuse
   289 | D        | Noticed a wolf
   291 | D        | Learned a level 3 spell: Dazzling Spray
   318 | D        | Killed a wolf
   318 | D        | Reached skill level 1 in Ice Magic
   318 | D        | Reached XP level 4. HP: 21/21 MP: 1/11
   343 | D        | Killed a yaktaur
   437 | D        | Learned a level 3 spell: Tukima's Dance
   442 | D        | Gained mutation: You are agile. (Dex +2) [potion of mutation]
   442 | D        | Gained mutation: You are weak. (Str -2) [potion of mutation]
   442 | D        | Gained mutation: You are surrounded by a mild repulsion field (EV +2). [potion of mutation]
   443 | D        | Gained mutation: You possess an exceptional clarity of mind. [potion of mutation]
   443 | D        | Gained mutation: You are partially covered in yellow scales (AC +2). [potion of mutation]
   444 | D        | Gained mutation: Your flesh is cold resistant. [potion of mutation]
   444 | D        | Gained mutation: You are resistant to electric shocks. [potion of mutation]
   444 | D        | Gained mutation: You occasionally shout uncontrollably at your foes. [potion of mutation]
   467 | D        | Noticed a water elemental
   494 | D        | Killed a water elemental
   494 | D        | Reached skill level 7 in Stealth
   494 | D        | Reached skill level 5 in Spellcasting
   494 | D        | Reached skill level 1 in Conjurations
   494 | D        | Reached skill level 5 in Hexes
   605 | D        | Noticed a jelly
   606 | D        | Noticed a shadow
   635 | D        | Killed a shadow
   635 | D        | Reached skill level 5 in Short Blades
   635 | D        | Reached skill level 8 in Dodging
   635 | D        | Reached skill level 9 in Stealth
   635 | D        | Reached XP level 5. HP: 24/24 MP: 10/15
   635 | D        | Reached XP level 6. HP: 28/28 MP: 10/16
   638 | D        | Killed a jelly
   734 | D        | Found a stormy altar of Qazlal.
   735 | D        | Found a sacrificial altar of Ru.
   735 | D        | Found a burning altar of Makhleb.
   735 | D        | Found a viscous altar of Jiyva.
   735 | D        | Found a shimmering altar of Xom.
   735 | D        | Found a shadowy altar of Dithmenos.
   735 | D        | Found a sparkling altar of Nemelex Xobeh.
   735 | D        | Found a corrupted altar of Lugonu.
   735 | D        | Found an opulent altar of Gozag.
   735 | D        | Noticed a spatial vortex
   740 | D        | Became a worshipper of Dithmenos the Shadowed
   835 | D        | Killed a spatial vortex
   835 | D        | Reached skill level 10 in Stealth
   835 | D        | Reached skill level 1 in Invocations
   839 | D        | Killed a yaktaur
  1040 | D        | Found a radiant altar of Vehumet.
  1041 | D        | Found a deep blue altar of Sif Muna.
  1041 | D        | Found an ancient bone altar of Kikubaaqudgha.
  1041 | D        | Noticed a wizard
  1042 | D        | Killed a wizard
  1103 | D        | Learned a level 4 spell: Cause Fear
  1103 | D        | Found a glowing silver altar of Zin.
  1104 | D        | Found a glowing golden altar of the Shining One.
  1104 | D        | Found a white marble altar of Elyvilon.
  1104 | D        | Noticed a deep elf priest
  1106 | D        | Killed a deep elf priest
  1106 | D        | Reached * piety under Dithmenos
  1106 | D        | Reached XP level 7. HP: 32/32 MP: 17/19
  1129 | D        | Learned a level 6 spell: Deflect Missiles
  1129 | D        | Found an iron altar of Okawaru.
  1130 | D        | Found a bloodstained altar of Trog.
  1130 | D        | Noticed a human
  1130 | D        | Noticed a human
  1132 | D        | Killed a human
  1132 | D        | Reached skill level 10 in Dodging
  1132 | D        | Reached skill level 11 in Stealth
  1132 | D        | Reached skill level 1 in Charms
  1133 | D        | Killed a human
  1133 | D        | Reached skill level 1 in Air Magic
  1152 | D        | Found a snail-covered altar of Cheibriados.
  1152 | D        | Noticed a necrophage
  1153 | D        | Found a basalt altar of Yredelemnul.
  1153 | D        | Found a blossoming altar of Fedhas.
  1153 | D        | Noticed a necromancer
  1154 | D        | Killed a necrophage
  1154 | D        | Reached ** piety under Dithmenos
  1154 | D        | Reached XP level 8. HP: 36/36 MP: 22/22
  1155 | D        | Killed a necromancer
  1226 | D        | Noticed Erica
  1229 | D        | Killed Erica
  1229 | D        | Reached skill level 12 in Stealth
  1248 | D        | Noticed an earth elemental
  1288 | D        | Killed an earth elemental
  1427 | D        | Noticed a centaur
  1427 | D        | Noticed a centaur warrior
  1427 | D        | Noticed a centaur
  1429 | D        | Killed a centaur
  1434 | D        | Killed a centaur warrior
  1434 | D        | Reached skill level 13 in Stealth
  1434 | D        | Reached skill level 10 in Spellcasting
  1434 | D        | Reached skill level 5 in Charms
  1434 | D        | Reached XP level 9. HP: 30/39 MP: 17/24
  1437 | D        | Killed a centaur
  1437 | D        | Reached *** piety under Dithmenos
  1550 | D        | Noticed an unseen horror
  1552 | D        | Killed an unseen horror
  1562 | D        | Noticed a killer bee
  1562 | D        | Noticed a killer bee
  1562 | D        | Noticed a killer bee
  1562 | D        | Noticed a killer bee
  1562 | D        | Noticed a killer bee
  1562 | D        | Noticed a killer bee
  1562 | D        | Noticed a queen bee
  1562 | D        | Noticed a killer bee
  1562 | D        | Noticed a killer bee
  1562 | D        | Noticed a killer bee
  1562 | D        | Noticed a killer bee
  1562 | D        | Noticed a killer bee
  1562 | D        | Noticed a killer bee
  1562 | D        | Noticed a killer bee
  1562 | D        | Noticed a killer bee
  1563 | D        | Noticed a killer bee
  1564 | D        | Noticed a killer bee
  1565 | D        | Noticed a killer bee
  1565 | D        | Noticed a killer bee
  1565 | D        | Noticed a killer bee
  1565 | D        | Noticed a killer bee
  1567 | D        | Killed a killer bee
  1569 | D        | Noticed a killer bee
  1569 | D        | Killed a killer bee
  1570 | D        | Noticed a killer bee
  1570 | D        | Noticed a killer bee
  1571 | D        | Noticed a killer bee
  1572 | D        | Noticed a killer bee
  1573 | D        | Noticed a killer bee
  1573 | D        | Killed a killer bee
  1573 | D        | Reached **** piety under Dithmenos
  1574 | D        | Noticed a killer bee
  1575 | D        | Noticed a killer bee
  1575 | D        | Killed a killer bee
  1577 | D        | Killed a killer bee
  1577 | D        | Reached skill level 14 in Stealth
  1578 | D        | Noticed a killer bee
  1579 | D        | Noticed a killer bee
  1579 | D        | Killed a killer bee
  1579 | D        | Reached skill level 10 in Short Blades
  1581 | D        | Noticed a killer bee
  1581 | D        | Killed a killer bee
  1581 | D        | Reached skill level 5 in Ice Magic
  1583 | D        | Killed a killer bee
  1720 | D        | Learned a level 8 spell: Discord
  1721 | D        | Noticed a killer bee
  1722 | D        | Killed a killer bee
  1722 | D        | Reached ***** piety under Dithmenos
  1724 | D        | Killed a killer bee
  1730 | D        | Killed a killer bee
  1731 | D        | Killed a killer bee
  1733 | D        | Killed a killer bee
  1736 | D        | Killed a killer bee
  1739 | D        | Killed a killer bee
  1741 | D        | Killed a killer bee
  1743 | D        | Killed a killer bee
  1743 | D        | Reached XP level 10. HP: 41/44 MP: 2/26
  1887 | D        | Killed a killer bee
  1890 | D        | Killed a killer bee
  1894 | D        | Killed a killer bee
  1896 | D        | Killed a killer bee
  1898 | D        | Killed a killer bee
  1900 | D        | Killed a killer bee
  1902 | D        | Killed a killer bee
  1904 | D        | Killed a killer bee
  1904 | D        | Reached ****** piety under Dithmenos
  1907 | D        | Killed a killer bee
  1909 | D        | Killed a killer bee
  1911 | D        | Killed a killer bee
  1921 | D        | Killed a killer bee
  1938 | D        | Killed a killer bee
  2195 | D        | Killed a queen bee
  2200 | D        | Killed a killer bee
  2213 | D        | Killed a killer bee
  2328 | D        | Noticed a wandering mushroom
  2329 | D        | Noticed a wandering mushroom
  2329 | D        | Noticed a wandering mushroom
  2332 | D        | Killed a wandering mushroom
  2332 | D        | Reached skill level 5 in Armour
  2336 | D        | Killed a wandering mushroom
  2337 | D        | Killed a wandering mushroom
  2337 | D        | Reached skill level 5 in Conjurations
  2383 | D        | Noticed a spiny frog
  2383 | D        | Noticed a komodo dragon
  2383 | D        | Noticed a spiny frog
  2386 | D        | Killed a spiny frog
  2386 | D        | Reached skill level 15 in Stealth
  2388 | D        | Killed a komodo dragon
  2389 | D        | Killed a spiny frog
  2454 | D        | Noticed a redback
  2456 | D        | Killed a redback
  2457 | D        | Noticed a brain worm
  2460 | D        | Killed a brain worm
  2466 | D        | Noticed a brain worm
  2468 | D        | Killed a brain worm
  2474 | D        | Noticed a lindwurm
  2477 | D        | Noticed a redback
  2478 | D        | Killed a lindwurm
  2480 | D        | Killed a redback
  2480 | D        | Reached skill level 5 in Air Magic
  2503 | D        | Noticed a redback
  2503 | D        | Noticed Maud
  2509 | D        | Killed a redback
  2783 | D        | Killed Maud
  2783 | D        | Reached skill level 16 in Stealth
  2783 | D        | Reached skill level 10 in Hexes
  2783 | D        | Reached XP level 11. HP: 41/47 MP: 23/28
  2821 | D        | Noticed an electric eel
  2822 | D        | Noticed a four-headed hydra
  2822 | D        | Noticed a five-headed hydra
  2824 | D        | Killed an electric eel
  2826 | D        | Killed a four-headed hydra
  2826 | D        | Reached skill level 15 in Dodging
  2827 | D        | Killed a five-headed hydra
  2878 | D        | Noticed a death drake
  2880 | D        | Killed a death drake
  2887 | D        | Found a blossoming altar of Fedhas.
  2887 | D        | Noticed a spriggan
  2887 | D        | Noticed a spriggan druid
  2887 | D        | Noticed a spriggan
  2892 | D        | Killed a spriggan
  2893 | D        | Killed a spriggan druid
  2895 | D        | Killed a spriggan
  3006 | D        | Noticed an ice dragon
  3242 | D        | Killed an ice dragon
  3348 | D        | Found Buynuuse's Gadget Emporium.
  3348 | D        | Found Xitia's Distillery.
  3451 | D        | Found Hodaadeg's Antique Weapon Shoppe.
  3455 | D        | Noticed an ice dragon
  3966 | D        | Killed an ice dragon
  3966 | D        | Reached skill level 17 in Stealth
  4042 | D        | Noticed an ice dragon
  4042 | D        | Noticed an ice dragon
  4113 | D        | Killed a seven-headed hydra
  4210 | D        | Killed an ice dragon
  4362 | D        | Noticed a seven-headed hydra simulacrum
  4363 | D        | Killed a seven-headed hydra simulacrum
  4370 | D        | Killed an ice dragon
  4481 | D        | Got a decaying rune of Zot
  4724 | D        | Noticed a swamp drake
  4724 | D        | Noticed a fire drake
  4791 | D        | Killed a fire drake
  4795 | D        | Killed a swamp drake
  4795 | D        | Reached skill level 10 in Charms
  4829 | D        | Noticed a blink frog
  4829 | D        | Noticed a blink frog
  4829 | D        | Noticed a blink frog
  4834 | D        | Killed a blink frog
  4912 | D        | Noticed a blink frog
  4912 | D        | Noticed a blink frog
  4915 | D        | Killed a blink frog
  4922 | D        | Killed a blink frog
  4924 | D        | Killed a blink frog
  4928 | D        | Killed a blink frog
  5111 | D        | Noticed Rupert
  5237 | D        | Killed Rupert
  5237 | D        | Reached XP level 12. HP: 51/51 MP: 25/31
  5300 | D        | Noticed a death yak
  5301 | D        | Noticed a death yak
  5301 | D        | Noticed a blink frog
  5302 | D        | Noticed an azure jelly
  5302 | D        | Noticed a death yak
  5302 | D        | Noticed an azure jelly
  5302 | D        | Noticed a blink frog
  5302 | D        | Noticed a death yak
  5312 | D        | Noticed a blink frog
  5312 | D        | Killed a death yak
  5318 | D        | Killed a death yak
  5546 | D        | Killed a blink frog
  5546 | D        | Reached skill level 18 in Stealth
  5561 | D        | Noticed a black mamba
  5563 | D        | Noticed a black mamba
  5567 | D        | Killed a black mamba
  5577 | D        | Killed a death yak
  5580 | D        | Killed a blink frog
  5582 | D        | Killed a black mamba
  5584 | D        | Killed a blink frog
  5655 | D        | Killed a death yak
  5789 | D        | Noticed a black mamba
  5789 | D        | Noticed a black mamba
  5789 | D        | Noticed a black mamba
  5790 | D        | Noticed a black mamba
  5792 | D        | Noticed a water moccasin
  5792 | D        | Noticed an anaconda
  5794 | D        | Killed a black mamba
  5797 | D        | Killed a black mamba
  5801 | D        | Killed an anaconda
  5805 | D        | Killed a black mamba
  5805 | D        | Reached skill level 15 in Spellcasting
  5807 | D        | Killed a water moccasin
  5817 | D        | Killed a black mamba
  5950 | D        | Noticed a black mamba
  5950 | D        | Noticed an anaconda
  5950 | D        | Noticed a black mamba
  5951 | D        | Killed a black mamba
  5954 | D        | Killed a black mamba
  5957 | D        | Killed an anaconda
  6063 | D        | Noticed a black mamba
  6063 | D        | Noticed a black mamba
  6063 | D        | Noticed a water moccasin
  6063 | D        | Noticed a black mamba
  6064 | D        | Noticed a black mamba
  6065 | D        | Killed a black mamba
  6070 | D        | Killed a black mamba
  6070 | D        | Reached skill level 19 in Stealth
  6071 | D        | Killed a water moccasin
  6075 | D        | Killed a black mamba
  6077 | D        | Killed a black mamba
  6148 | D        | Noticed a naga
  6148 | D        | Noticed a naga
  6149 | D        | Noticed a naga warrior
  6149 | D        | Noticed a greater naga
  6149 | D        | Found Poyllutz's Antique Armour Boutique.
  6149 | D        | Found Lextop's Book Emporium.
  6150 | D        | Killed a naga
  6151 | D        | Killed a naga
  6152 | D        | Found Hosanoos's Magic Scroll Shop.
  6153 | D        | Killed a greater naga
  6158 | D        | Killed a naga warrior
  6181 | D        | Noticed a guardian serpent
  6183 | D        | Killed a guardian serpent
  6185 | D        | Got a serpentine rune of Zot
  6264 | D        | Noticed an azure jelly
  6264 | D        | Noticed an azure jelly
  6265 | D        | Noticed an elephant
  6265 | D        | Noticed an elephant
  6265 | D        | Noticed a dire elephant
  6265 | D        | Noticed a dire elephant
  6265 | D        | Noticed Gastronok
  6290 | D        | Killed a dire elephant
  6290 | D        | Reached XP level 13. HP: 55/55 MP: 21/33
  6305 | D        | Killed an elephant
  6314 | D        | Killed an elephant
  6333 | D        | Killed a dire elephant
  6414 | D        | Killed Gastronok
  6414 | D        | Reached skill level 20 in Stealth
  6491 | D        | Gained mutation: You are partially covered in slimy green scales (AC +2). [potion of mutation]
  6491 | D        | Gained mutation: Your body sometimes deteriorates upon taking damage. [potion of mutation]
  6491 | D        | Gained mutation: You tend to lose your temper in combat. [potion of mutation]
  6951 | D        | Found Nitur's Gadget Shop.
  6951 | D        | Noticed an orc wizard
  6951 | D        | Noticed an orc warrior
  6951 | D        | Noticed an orc warrior
  6951 | D        | Noticed an orc warrior
  6954 | D        | Killed an orc warrior
  6955 | D        | Noticed an orc wizard
  6955 | D        | Killed an orc wizard
  6956 | D        | Noticed an orc wizard
  6958 | D        | Noticed an orc warrior
  6958 | D        | Killed an orc wizard
  6963 | D        | Killed an orc warrior
  6964 | D        | Killed an orc warrior
  6965 | D        | Killed an orc wizard
  6974 | D        | Killed an orc warrior
  7196 | D        | Noticed a deep elf summoner
  7196 | D        | Noticed a deep elf priest
  7196 | D        | Noticed a deep elf priest
  7196 | D        | Noticed a deep elf conjurer
  7196 | D        | Noticed a deep elf summoner
  7202 | D        | Noticed a deep elf conjurer
  7206 | D        | Noticed a deep elf annihilator
  7215 | D        | Killed a deep elf conjurer
  7222 | D        | Killed a deep elf summoner
  7232 | D        | Killed a deep elf priest
  7237 | D        | Killed a deep elf summoner
  7259 | D        | Killed a deep elf priest
  7259 | D        | Reached skill level 15 in Short Blades
  7434 | D        | Noticed a deep elf death mage
  7440 | D        | Killed a deep elf conjurer
  7443 | D        | Killed a deep elf death mage
  7586 | D        | Noticed a deep elf annihilator
  7586 | D        | Noticed a deep elf death mage
  7588 | D        | Noticed a deep elf demonologist
  7590 | D        | Noticed a deep elf blademaster
  7592 | D        | Killed a deep elf annihilator
  7593 | D        | Noticed a Shadow Fiend
  7606 | D        | Killed a Shadow Fiend
  7878 | D        | Killed a deep elf demonologist
  8234 | D        | Killed a deep elf death mage
  8814 | D        | Noticed Harold
  8814 | D        | Noticed Joseph
  8816 | D        | Killed Harold
  8817 | D        | Killed Joseph
  8839 | D        | Noticed an orc priest
  8839 | D        | Noticed an orc high priest
  8840 | D        | Noticed an orc priest
  8840 | D        | Noticed an orc high priest
  8843 | D        | Killed an orc priest
  8845 | D        | Killed an orc priest
  8848 | D        | Killed an orc high priest
  8851 | D        | Killed an orc high priest
  9190 | D        | Noticed a spriggan defender
  9191 | D        | Noticed a spriggan defender
  9191 | D        | Noticed a spriggan defender
  9191 | D        | Noticed a spriggan defender
  9192 | D        | Killed a spriggan defender
  9193 | D        | Killed a spriggan defender
  9195 | D        | Killed a spriggan defender
  9195 | D        | Reached skill level 21 in Stealth
  9196 | D        | Killed a spriggan defender
  9355 | D        | Noticed a slime creature
  9369 | D        | Killed a slime creature
  9391 | D        | Noticed a centaur warrior
  9395 | D        | Killed a centaur warrior
  9405 | D        | Noticed a fire dragon
  9408 | D        | Killed a fire dragon
  9417 | D        | Noticed a shining eye
  9417 | D        | Noticed a green ugly thing
  9419 | D        | Killed a shining eye
  9421 | D        | Killed a green ugly thing
  9441 | D        | Noticed an antimagic halberd
  9441 | D        | Noticed a mace of protection
  9467 | D        | Killed an antimagic halberd
  9636 | D        | Noticed a war axe of flaming
  9637 | D        | Noticed a halberd of flaming
  9638 | D        | Killed a war axe of flaming
  9640 | D        | Killed a halberd of flaming
  9651 | D        | Killed a mace of protection
  9723 | D        | Noticed an obsidian statue
  9914 | D        | Killed an obsidian statue
 10084 | D        | Found Casaes's Antique Armour Emporium.
 10084 | D        | Found Osel Rul's Jewellery Shop.
 10084 | D        | Found Qusiez's Magic Scroll Shoppe.
 10084 | D        | Found Zamui's Antique Armour Boutique.
 10084 | D        | Found Setooc's Food Emporium.
 10084 | D        | Found Norghint's Jewellery Shop.
 10084 | D        | Found Huhal's Gadget Emporium.
 10084 | D        | Found Roxik's Antique Weapon Boutique.
 10085 | D        | Found Qet Jeuzo's Food Boutique.
 10085 | D        | Found Roj Woji's Assorted Antiques.
 10085 | D        | Found Duddios's Book Shop.
 10085 | D        | Found Guapok's Distillery.
 10099 | D        | Bought a potion of heal wounds for 65 gold pieces
 10099 | D        | Bought a potion of curing for 39 gold pieces
 10099 | D        | Bought a potion of curing for 39 gold pieces
 10099 | D        | Bought a potion of curing for 39 gold pieces
 10100 | D        | Bought a book of Burglary for 900 gold pieces
 10104 | D        | Learned a level 3 spell: Passwall
 10109 | D        | Learned a level 4 spell: Passage of Golubria
 10115 | D        | Learned a level 5 spell: Lee's Rapid Deconstruction
 10254 | D        | Killed a deep elf annihilator
 10254 | D        | Reached skill level 1 in Translocations
 10254 | D        | Reached skill level 1 in Transmutations
 10254 | D        | Reached XP level 14. HP: 46/59 MP: 2/36
 10257 | D        | Got an encrusted buckler
 10263 | D        | Identified the +3 buckler of Incorporation {rPois} (You took it off a deep elf annihilator in the Dungeon)
 10277 | D        | Identified the Papyrus of Attacks
 10279 | D        | Identified the Grimoire of Earth and Boosts
 10341 | D        | Got a dazzling hand axe {flame}
 10593 | D        | Lost strength.
 10595 | D        | Mangled by a deep elf blademaster

Vault maps used:
D:        dungeon_sprint_mu

Action                   |  1- 3 |  4- 6 |  7- 9 | 10-12 | 13-15 || total
-------------------------+-------+-------+-------+-------+-------++-------
Melee: Dagger            |     5 |    27 |    51 |   188 |   307 ||   578
       Rapier            |       |       |       |       |   319 ||   319
       Quick blade       |       |       |       |       |     3 ||     3
 Cast: Ensorcelled Hiber |     9 |       |    22 |    44 |     8 ||    83
       Dazzling Spray    |       |    10 |    10 |    69 |   135 ||   224
       Tukima's Dance    |       |       |       |     7 |     6 ||    13
       Confuse           |       |       |       |     2 |     7 ||     9
       Cause Fear        |       |       |       |     1 |     1 ||     2
       Passage of Golubr |       |       |       |       |     5 ||     5
       Deflect Missiles  |       |       |       |       |     1 ||     1
       Corona            |       |       |       |       |     1 ||     1
Invok: Shadow Step       |       |       |       |    11 |     3 ||    14
  Use: Potion            |       |     4 |     1 |       |     5 ||    10
       Scroll            |       |     4 |       |     1 |       ||     5
 Stab: Sleeping          |     4 |     3 |    22 |    59 |    15 ||   103
       Invisible         |       |       |     1 |     7 |    11 ||    19
       Distracted        |       |       |       |     2 |       ||     2
       Confused          |       |       |       |       |     2 ||     2
  Eat: Royal jelly       |       |       |     1 |       |     1 ||     2
       Bread ration      |       |       |       |     1 |       ||     1
       Fruit             |       |       |       |       |     1 ||     1
